Map: Disco Bloodbath LE

Players

LiquidMaNa (MaNa) - Winner!

  • Race: Protoss Protoss
  • League: Grandmaster
  • Spawn Location: 3:00

HeroMarine

  • Race: Terran Terran
  • League: Master
  • Spawn Location: 9:00

Event: HomeStory Cup XX

VOD

Have the link to the VOD?

Description

Time

  • Played on: Nov. 21, 2019, 3:01 p.m.
  • Length: 10:50

All games in this series

Show
View Real Time Build Order
Export as new Build Order

LiquidMaNa Protoss - Winner!

Build Orders: 1 Gate Expand, Phoenix Opening, Colossus Rush 

Get SALT Encoding   

  12  0:00  Probe  
  13  0:12  Probe  
  14  0:18  Pylon  
  14  0:24  Probe  
  15  0:32  Probe  
  15  0:36  Gateway  
  15  0:40  Probe  
  16  0:45  Assimilator  
  17  0:51  Probe  
  18  1:03  Probe  
  19  1:15  Probe  
  20  1:21  Nexus  
  20  1:32  Cybernetics Core  
  20  1:35  Probe  
  21  1:42  Pylon  
  21  1:47  Probe  
  21  1:50  Assimilator  
  22  1:58  Adept  
  22  1:59  Probe  
  23  2:11  Probe  
  26  2:20  Stargate  
  26  2:23  Probe  
  26  2:27  Stalker  
  26  2:28  Warp Gate  
  29  2:34  Probe  
  29  2:35  Probe  
  30  2:46  Probe  
  30  2:47  Probe  
  32  2:55  Phoenix  
  32  2:58  Probe  
  33  2:59  Probe  
  36  3:10  Probe  
  36  3:11  Pylon  
  36  3:12  Probe  
  38  3:15  Phoenix  
  38  3:18  Stalker  
  40  3:22  Probe  
  40  3:24  Probe  
  44  3:30  Gateway  
  44  3:35  Gateway, Phoenix  
  44  3:38  Probe  
  45  3:44  Probe  
  48  3:49  Assimilator  
  48  3:53  Pylon, Probe  
  49  3:59  Probe  
  49  4:01  Phoenix  
  52  4:05  Probe  
  52  4:09  Assimilator  
  53  4:11  Probe  
  54  4:17  Probe  
  54  4:18  Robotics Facility  
  54  4:22  Pylon  
  54  4:24  Pylon, Probe  
  56  4:29  Probe  
  57  4:36  Probe  
  58  4:40  Sentry  
  58  4:42  Probe  
  58  4:43  Sentry  
  63  4:47  Pylon  
  63  4:52  Probe  
  64  4:54  Probe  
  64  4:59  Immortal, Nexus  
  65  5:09  Robotics Bay  
  65  5:11  Probe  
  70  5:15  Pylon  
  70  5:22  Probe  
  70  5:27  Zealot x2  
  75  5:31  Pylon, Phoenix  
  75  5:33  Immortal  
  75  5:34  Pylon, Probe  
  78  5:45  Sentry  
  78  5:49  Forge  
  84  5:51  Extended Thermal Lance  
  84  5:53  Probe x2  
  84  5:56  Colossus  
  86  6:02  Protoss Ground Weapons Level 1  
  86  6:05  Probe x2  
  88  6:13  Probe  
  88  6:17  Probe  
  96  6:19  Probe  
  96  6:25  Probe, Twilight Council  
  98  6:32  Shield Battery  
  98  6:33  Pylon  
  98  6:35  Probe x2  
  98  6:37  Assimilator  
  100  6:43  Gateway, Colossus  
  100  6:44  Gateway  
  100  6:52  Charge  
  100  6:53  Probe  
  107  6:58  Zealot x2  
  111  7:01  Pylon, Probe  
  111  7:06  Zealot  
  111  7:07  Probe x2  
  116  7:14  Probe  
  117  7:19  Probe x2  
  117  7:20  Colossus  
  119  7:26  Probe  
  118  7:30  Gateway  
  118  7:31  Probe x2, Templar Archives  
  118  7:32  Gateway  
  118  7:35  Assimilator  
  120  7:44  Zealot x5  
  136  7:53  Gateway  
  136  7:57  Gateway  
  136  8:01  Protoss Ground Armor Level 1  
  136  8:09  High Templar x2  
  136  8:11  Pylon x2  
  140  8:13  Warp Prism  
  140  8:15  Archon  
  141  8:24  Pylon  
  141  8:26  Pylon  
  139  8:28  Pylon  
  139  8:30  High Templar  
  139  8:31  High Templar x2  
  139  8:32  Zealot  
  145  8:36  Gateway  
  145  8:37  Gateway  
  145  8:38  Archon  
  145  8:40  Pylon, High Templar  
  147  8:42  Zealot x2  
  147  8:44  Archon  
  151  8:50  Nexus  
  151  8:52  Pylon  
  151  8:54  Warp Prism  
  151  9:09  High Templar x2  
  155  9:10  Zealot x6  
  155  9:16  Archon  
  161  9:33  Stalker x8  
  161  9:34  Zealot  
  109  9:57  High Templar x4, Zealot x4  
  109  9:58  Zealot x3  
  123  10:02  Archon x2  
  119  10:18  Zealot x7  
  135  10:36  Zealot x4  
  135  10:38  Zealot x3  
Show
View Real Time Build Order
Export as new Build Order

HeroMarine Terran 

Build Orders: Reaper Expand 

Get SALT Encoding   

  12  0:00  SCV  
  13  0:12  SCV  
  14  0:17  Supply Depot  
  14  0:25  SCV  
  15  0:38  SCV  
  15  0:39  Barracks  
  16  0:43  Refinery  
  16  0:50  SCV  
  17  1:02  SCV  
  18  1:14  SCV  
  19  1:27  Orbital Command, Reaper  
  20  1:38  Command Center  
  20  1:46  Supply Depot  
  20  1:52  SCV  
  21  1:59  Marine  
  22  2:04  SCV  
  22  2:06  Factory  
  23  2:12  Refinery  
  23  2:16  SCV  
  23  2:20  Barracks Reactor  
  24  2:28  SCV  
  25  2:40  SCV  
  26  2:50  Orbital Command  
  25  2:51  Starport  
  25  2:52  Hellion  
  25  2:53  SCV  
  25  2:57  Marine x2  
  30  3:05  SCV  
  31  3:14  Widow Mine  
  31  3:15  Marine x2  
  31  3:16  SCV  
  31  3:17  SCV  
  37  3:27  Supply Depot  
  37  3:28  Medivac, SCV  
  37  3:29  SCV  
  37  3:32  Marine  
  37  3:33  Marine  
  43  3:35  Widow Mine  
  43  3:40  SCV  
  46  3:42  Barracks  
  47  3:48  SCV  
  47  3:49  Supply Depot  
  47  3:52  SCV  
  48  3:55  Marine x2  
  48  3:57  Barracks  
  48  3:58  Bunker  
  48  4:01  SCV  
  51  4:04  SCV  
  51  4:05  Starport Tech Lab  
  51  4:06  Factory Tech Lab  
  52  4:10  Engineering Bay  
  52  4:13  SCV  
  52  4:14  Marine  
  52  4:15  Marine  
  52  4:16  SCV  
  56  4:25  SCV  
  56  4:27  Supply Depot  
  56  4:28  SCV  
  58  4:35  Refinery  
  58  4:37  SCV  
  58  4:38  Stimpack  
  59  4:39  Missile Turret  
  59  4:40  Marauder, SCV  
  59  4:43  Terran Infantry Weapons Level 1  
  62  4:48  Marine x2  
  62  4:51  Supply Depot, SCV  
  62  4:52  SCV  
  66  4:56  Combat Shield  
  68  5:00  Marauder  
  68  5:03  Marauder  
  68  5:04  SCV  
  68  5:05  SCV  
  68  5:11  Marine  
  68  5:12  Marine  
  68  5:17  SCV x2  
  68  5:20  Missile Turret  
  68  5:21  Starport Reactor, Factory Reactor  
  70  5:22  Marine  
  70  5:28  Marauder  
  72  5:29  SCV x2  
  72  5:33  Supply Depot  
  74  5:36  Marine x2  
  74  5:40  Marauder  
  78  5:45  Supply Depot  
  78  5:50  Command Center  
  78  5:55  Marauder  
  78  5:56  Marine  
  78  5:57  Marine  
  81  5:58  Supply Depot  
  81  6:02  Marauder  
  81  6:03  SCV x2  
  86  6:06  Refinery  
  86  6:08  Medivac x2  
  90  6:15  SCV x2  
  92  6:19  Marauder  
  92  6:23  Marauder  
  92  6:24  Widow Mine x2  
  100  6:27  Concussive Shells  
  100  6:28  SCV  
  100  6:29  SCV  
  102  6:37  Terran Infantry Armor Level 1  
  102  6:38  Supply Depot  
  102  6:39  Marine x2  
  104  6:40  SCV  
  104  6:41  SCV  
  104  6:43  Marauder  
  104  6:44  Marauder  
  110  6:50  Barracks  
  110  6:53  Barracks  
  110  6:59  Marine x2  
  112  7:04  Marauder, SCV  
  112  7:06  Marauder  
  117  7:10  SCV  
  118  7:17  SCV  
  118  7:23  Marine x2  
  118  7:25  Marauder, SCV  
  118  7:27  Marauder, Orbital Command  
  118  7:29  SCV  
  125  7:31  Medivac x2  
  125  7:37  SCV  
  130  7:39  Barracks Reactor  
  130  7:40  Barracks Tech Lab  
  130  7:41  SCV  
  130  7:43  Ghost Academy  
  131  7:46  Starport  
  131  7:49  SCV  
  132  7:57  Supply Depot x2  
  132  7:58  Supply Depot  
  133  7:59  SCV x2  
  133  8:00  Missile Turret  
  133  8:01  SCV  
  133  8:03  Refinery x2  
  133  8:05  Viking  
  141  8:07  Viking  
  141  8:11  SCV x2  
  141  8:18  Enhanced Shockwaves, SCV  
  142  8:20  Supply Depot  
  142  8:23  Marine x2  
  142  8:24  Marine x3  
  146  8:27  Viking x2  
  146  8:33  SCV  
  146  8:34  SCV x2  
  153  8:37  Viking, Command Center  
  153  8:39  Viking  
  154  8:48  Engineering Bay  
  154  8:50  Armory  
  154  8:54  Marine x4  
  154  8:55  Marine x3  
  161  8:58  Viking x2  
  161  9:10  Viking  
  161  9:11  Viking  
  161  9:12  Marine x3, Ghost x2  
  172  9:21  Ghost  
  172  9:35  Liberator, Orbital Command  
  172  9:36  Liberator x3  
  145  9:42  Marauder  
  145  9:43  Marauder, Marine x2  
  145  9:45  Marine  
  99  9:50  Marauder  
  86  9:53  SCV  
  86  9:54  SCV  
  86  9:58  Marine  
  96  10:01  Marine x2  
  96  10:02  Marine  
  101  10:10  Marauder, Marine  
  101  10:12  Marauder  
  107  10:16  Marine  
  107  10:19  Marine x2  
  107  10:20  Marine  
  108  10:28  Marine  
  109  10:30  Marine  
Tags
 
Add a new tag
Caveats
  • Supply blocks, unpowered buildings, or Contaminate may cause inaccurate times.
  • Supply counts are checked every 10 seconds.